 Dungeon Crawl Stone Soup version 0.27.1-34-g3ba077fa99 (webtiles) character file.

Game seed: 9539033958271555914

18 cbfl8 the Sneak (level 2, -1/27 HPs)
             Began as a Minotaur Delver on Jan 14, 2022.
             Was a Follower of Vehumet.
             Slain by an orc (2 damage)
             ... on level 3 of the Dungeon.
             The game lasted 00:01:58 (656 turns).

cbfl8 the Sneak (Minotaur Delver)                    Turns: 656, Time: 00:01:58

Health: -1/27      AC:  3    Str: 16    XL:     2   Next: 48%
Magic:  1/1        EV: 11    Int:  7    God:    Vehumet [*.....]
Gold:   10         SH:  0    Dex: 11    Spells: 1/1 levels left

rFire    . . .     SeeInvis .   a - +0 hand axe
rCold    . . .     Faith    .   (no shield)
rNeg     . . .     Spirit   .   b - +0 leather armour
rPois    .         Reflect  .   (helmet restricted)
rElec    .         Harm     .   (no cloak)
rCorr    .         Rampage  .   (no gloves)
Will     .....                  (no boots)
Stlth    ++........             (no amulet)
HPRegen  0.09/turn              (no ring)
MPRegen  0.07/turn              (no ring)

@: about to teleport
A: horns 2, retaliatory headbutt
a: Renounce Religion


You were on level 3 of the Dungeon.
You worshipped Vehumet.
Vehumet was aware of your devotion.
You visited 1 branch of the dungeon, and saw 3 of its levels.

You collected 10 gold pieces.

Inventory:

Hand Weapons
 a - a +0 hand axe (weapon)
 i - a +0 falchion
Armour
 b - a +0 leather armour (worn)
Magical Staves
 k - a staff of cold
Wands
 g - a wand of digging (3)
Scrolls
 c - a scroll of fog
 d - a scroll of magic mapping
 e - a scroll of fear
Potions
 f - a potion of haste


   Skills:
 + Level 3.9 Fighting
 + Level 2.5 Axes
 + Level 0.3 Armour
 + Level 2.2 Dodging
 + Level 4.5 Stealth


You had one spell level left.
You didn't know any spells.
Your spell library was empty.

Dungeon Overview and Level Annotations

Branches:
Dungeon (5/15)
 Temple: D:4-7

Altars:
Vehumet

Annotations:
D:5 Menkaure


Innate Abilities, Weirdness & Mutations

You have a pair of horns on your head.
You reflexively headbutt those who attack you in melee.


Message History

An orc comes into view. It is wielding a +0 short sword.
You see here a There-And-Back Book.
The orc barely misses you.
An orc comes into view. It is wielding a +0 whip.
You completely miss the orc. The orc hits you with a +0 dagger.
The orc barely misses you.
You closely miss the orc.
The orc shouts! x2
Your headbutt misses the orc.
The orc sings a few bars from the Orcish anthem.
An orc comes into view.
It is wielding a +0 falchion and wearing a +0 ring mail of fire resistance.
The orc barely misses you.
You hit the orc. You headbutt the orc.
You kill the orc!
Vehumet accepts your kill.
You barely miss the orc. Your headbutt misses the orc.
The orc hits you with a +0 short sword.
You hit the orc. Your headbutt misses the orc.
The orc is heavily wounded.
The orc hits you with a +0 short sword.
You hit the orc.
The orc is severely wounded.
You barely miss the orc. The orc hits you with a +0 short sword.
The orc hits you with a +0 whip.
* * * LOW HITPOINT WARNING * * *
You closely miss the orc. Your headbutt misses the orc.
The orc is severely wounded.
You hit the orc. The orc hits you but does no damage.
The orc hits you with a +0 whip.
* * * LOW HITPOINT WARNING * * *
As you read the scroll labelled OBLUAMUHAF, it crumbles to dust.
It is a scroll of identify.
j - a scroll of teleportation The orc hits you with a +0 short sword.
* * * LOW HITPOINT WARNING * * *
The orc hits you with a +0 whip.
* * * LOW HITPOINT WARNING * * *
As you read the scroll of teleportation, it crumbles to dust.
You feel strangely unstable. The orc hits you with a +0 short sword.
You die...

# ######+## . #.......#
#.#.......# #.#.......#
#....:....#
##...@o...###
########...oo......
#...............###
#...............#
#.#)..............#
#.#...............#
#.#...............#
..##)#..........###.#.≈.
.....#............ .#.≈.


You could see 3 orcs.

Vanquished Creatures
  An adder (D:3)
  2 orcs (D:3)
  An endoplasm (D:3)
  A hobgoblin (D:3)
  2 bats (D:3)
7 creatures vanquished.

Notes
Turn   | Place    | Note
-------+----------+-------------------------------------------
     0 | D:5      | cbfl8 the Minotaur Delver began the quest for the Orb.
     0 | D:5      | Reached XP level 1. HP: 19/19 MP: 0/0
    10 | D:5      | Noticed Menkaure
   397 | D:3      | Found a faded altar of an unknown god.
   400 | D:3      | Became a worshipper of Vehumet
   400 | D:3      | Reached * piety under Vehumet
   400 | D:3      | Offered knowledge of Foxfire by Vehumet.
   608 | D:3      | Reached XP level 2. HP: 25/27 MP: 1/1
   655 | D:3      | HP: 1/27 [orc (1)]
   656 | D:3      | Slain by an orc

Illustrated notes

Levels and vault maps discovered:
D:3:      layout_basic, demons_altar, kiku_gazebo_garden_becter,
          hellmonk_ecumenical_altar_inner_sanctum, serial_rivers,
          chequers_serial_rivers_room_a, chequers_serial_rivers_room_b,
          chequers_serial_rivers_micro_b, chequers_serial_rivers_room_b,
          chequers_serial_rivers_micro_c, chequers_serial_rivers_micro_a,
          serial_shops, shop
D:4:      layout_basic, minivault_23, minmay_misc_feat_more_columns
D:5:      layout_basic, minmay_misc_feat_alley, uniq_menkaure

Action                   || total
-------------------------++-------
Melee: Hand axe          ||    24
       Headbutt          ||     4
  Use: Scroll            ||     2
Armor: Leather armour    ||     6
Dodge: Dodged            ||    17
